 Dungeon Crawl Stone Soup version 0.26-a0-808-g930a2b7adc (webtiles) character file.

Game seed: 18283578845953344320

550 Riddle the Summoner (level 7, -3/46 HPs)
             Began as a Barachi Summoner on Nov 12, 2020.
             Was an Initiate of the Shining One.
             Shot with an arrow by a centaur (14 damage)
             ... on level 6 of the Dungeon.
             The game lasted 00:17:51 (10645 turns).

Riddle the Summoner (Barachi Summoner)             Turns: 10645, Time: 00:17:51

Health: -3/46      AC:  3    Str: 10    XL:     7   Next: 29%
Magic:  11/14      EV: 12    Int: 17    God:    the Shining One [......]
Gold:   244        SH:  5    Dex: 12    Spells: 10/16 levels left

rFire    . . .     SeeInvis +   m - +0 great sword
rCold    . . .     Faith    .   (shield currently unavailable)
rNeg     . . .     Spirit   .   a - +0 robe
rPois    .         Reflect  +   s - +0 helmet
rElec    .         Harm     .   (no cloak)
rCorr    .         Rampage  .   (no gloves)
MR       +....                  (no boots)
Stlth    +.........             j - amulet of reflection
HPRegen  0.15/turn              g - ring of protection from magic
MPRegen  0.14/turn              p - ring of see invisible

@: glowing, slow
A: +LOS, swims, slowness 1, strong legs 1
a: Hop, Renounce Religion


You were on level 6 of the Dungeon.
You worshipped the Shining One.
The Shining One was noncommittal.
You visited 2 branches of the dungeon, and saw 7 of its levels.

You collected 244 gold pieces.

Inventory:

Hand Weapons
 m - a +0 great sword (weapon)
 w - a +1 vampiric hand axe
Armour
 a - a +0 robe (worn)
 s - a +0 helmet (worn)
Jewellery
 g - a ring of protection from magic (left hand)
 j - an amulet of reflection (around neck)
 p - a ring of see invisible (right hand)
 v - an uncursed amulet of magic regeneration
Wands
 t - a wand of flame (12)
 u - a wand of polymorph (10)
Scrolls
 c - a scroll of teleportation
 f - 2 scrolls of identify
 h - a scroll of enchant armour {unknown}
 i - 2 scrolls of fear {unknown}
 k - a scroll of blinking {unknown}
 n - a scroll of magic mapping {unknown}
 r - 4 scrolls of remove curse {unknown}
 x - a scroll of enchant weapon {unknown}
Potions
 b - a potion of attraction {unknown}
 d - a potion of degeneration {unknown}
 e - a potion of might {unknown}
 l - a potion of brilliance {unknown}
 o - 2 potions of ambrosia {unknown}
 q - a potion of lignification {unknown}
 z - a potion of flight {unknown}


   Skills:
 - Level 2.1 Dodging
 - Level 1.7 Stealth
 - Level 5.0 Spellcasting
 * Level 8.7 Summonings


You had 10 spell levels left.
You knew the following spells:

 Your Spells              Type           Power        Failure   Level
a - Summon Small Mammal   Summ           ####         1%          1
b - Call Canine Familiar  Summ           ####....     1%          3
c - Call Imp              Summ           ####....     1%          2

Your spell library contained the following spells:

 Spells                   Type           Power        Failure   Level
 Summon Guardian Golem    Hex/Summ       ###.....     7%          3
 Summon Ice Beast         Ice/Summ       ###.....     24%         4
 Summon Lightning Spire   Summ/Air       ###.....     24%         4
 Monstrous Menagerie      Summ           ####......   97%         7
 Summon Greater Demon     Summ           ####......   97%         7
 Malign Gateway           Summ/Tloc      ###.......   100%        7
 Summon Horrible Things   Summ           ####......   100%        8


Dungeon Overview and Level Annotations

Branches:
Dungeon (6/15)             Temple (1/1) D:4

Altars:
Ashenzari
Cheibriados
Dithmenos
Elyvilon
Gozag
Kikubaaqudgha
Makhleb
Nemelex Xobeh
Okawaru
Qazlal
Sif Muna
Trog
Uskayaw
Vehumet
Wu Jian
Xom
Yredelemnul
Zin
The Shining One

Annotations:
D:4 Dowan, Duvessa


Innate Abilities, Weirdness & Mutations

You can be seen from farther away. (+LOS)
You can swim through water.
You cover ground slowly.
You can hop short distances.


Message History

You open the door.
There is an open door here.
You now have 244 gold pieces (gained 13).
A centaur comes into view.
The centaur shouts!
The centaur wields a +0 shortbow.
The centaur shoots an arrow.
The arrow hits you.
The centaur shoots an arrow.
The arrow hits you!
You see here 2 arrows.
A centaur is nearby!
A centaur is nearby!
A centaur is nearby!
Casting: Summon Small Mammal (safe; 1% risk of failure)
Confirm with . or Enter, or press ? or * to list all spells.
The centaur shoots an arrow.
The arrow completely misses your hound. The arrow hits you!
The centaur shoots an arrow.
The arrow barely misses your hound. The arrow hits you!
* * * LOW HITPOINT WARNING * * *
The centaur shoots an arrow.
The arrow hits you!
You die...

#....# #.# #....# ##.# #....#
#... #....# #...
#####################....#####...
...............................>#
####....############....########
####....########## ####.#
.........'......@.## #.#
.####....########(.# #.# ######
##.# #(# ..# #.# .... #.#
..h.##+# ##### ...?# #.... ..c.#
##.... ....# #.....


You could see a centaur and a friendly hound (summoned).

Vanquished Creatures
  Edmund (D:3)
  A worker ant (D:4)
  A gnoll (D:4)
  An adder (D:3)
  2 orcs
  A bat (D:3)
  A goblin (D:3)
  A hobgoblin (D:2)
  A jackal (D:5)
  A quokka (D:3)
11 creatures vanquished.

Vanquished Creatures (collateral kills)
  2 ogres (D:5)
  A centaur (D:5)
  A hound (D:5)
  A jelly (D:5)
  2 orc wizards
  An iguana (D:3)
  Natasha (thrice) (D:3)
  4 worker ants
  Robin (D:1)
  3 gnolls (D:4)
  4 adders
  A shadow imp (D:5)
  2 oozes
  An adder zombie (D:6)
  2 adder skeletons (D:4)
  3 worms
  3 dart slugs
  6 leopard geckos
  8 orcs
  3 giant cockroaches
  16 goblins
  9 hobgoblins
  8 jackals
  9 kobolds
  A quokka (D:2)
  11 bats
  4 frilled lizards
  A leopard gecko zombie (D:5)
  5 rats
116 creatures vanquished.

Grand Total: 127 creatures vanquished

Notes
Turn   | Place    | Note
-------+----------+-------------------------------------------
     0 | D:1      | Riddle the Barachi Summoner began the quest for the Orb.
     0 | D:1      | Reached XP level 1. HP: 13/13 MP: 3/3
   556 | D:1      | Reached skill level 5 in Summonings
   655 | D:1      | Reached XP level 2. HP: 19/19 MP: 1/5
  1862 | D:2      | Reached XP level 3. HP: 21/24 MP: 0/7
  1988 | D:2      | Found an opulent altar of Gozag.
  2301 | D:2      | Learned a level 3 spell: Call Canine Familiar
  2693 | D:2      | Noticed Robin
  3045 | D:1      | Killed Robin
  3332 | D:2      | Reached XP level 4. HP: 17/30 MP: 5/9
  3715 | D:3      | Learned a level 2 spell: Call Imp
  4226 | D:3      | Noticed Natasha
  4245 | D:3      | Killed Natasha
  4245 | D:3      | Reached skill level 6 in Summonings
  4574 | D:3      | Noticed Natasha
  4588 | D:3      | Killed Natasha
  4815 | D:3      | Noticed Natasha
  4824 | D:3      | Killed Natasha
  4824 | D:3      | Reached XP level 5. HP: 35/35 MP: 0/10
  5694 | D:4      | Noticed Edmund
  5825 | D:2      | Found an ornate altar of the Wu Jian Council.
  5825 | D:2      | Found a glowing silver altar of Zin.
  6153 | D:3      | Killed Edmund
  6532 | D:4      | Reached XP level 6. HP: 17/41 MP: 4/13
  6738 | D:4      | Reached skill level 7 in Summonings
  6989 | D:4      | Found a staircase to the Ecumenical Temple.
  7006 | Temple   | Entered the Ecumenical Temple
  7079 | Temple   | Became a worshipper of the Shining One
  7399 | D:4      | Noticed Dowan
  7402 | D:4      | Noticed Duvessa
  8744 | D:3      | Reached skill level 5 in Spellcasting
  9082 | D:5      | Entered Level 5 of the Dungeon
  9134 | D:5      | The Shining One protects you from harm!
  9462 | D:5      | Reached skill level 8 in Summonings
  9750 | D:5      | Reached XP level 7. HP: 46/46 MP: 14/14
 10645 | D:6      | Shot with an arrow by a centaur

Illustrated notes

Levels and vault maps discovered:
D:1:      dpeg_arrival_brainrot, layout_loops_ring, hangedman_decor_growths,
          chequers_serial_rivers_micro_a, patterned_corridor
D:2:      layout_rooms, lemuel_doored_altar, nicolae_overflow_hidden_temple,
          uniq_robin
D:3:      layout_loops_corners, minivault_14, uniq_natasha
D:4:      kennysheep_six_static_rooms, layout_rooms,
          minmay_temple_entry_offerings, uniq_eustachio, uniq_edmund,
          uniq_duvessa
D:5:      layout_loops_cross
D:6:      layout_basic, lemuel_round_altar
Temple:   compressed_dpeg_circular_temple

Skill      XL: |  1  2  3  4  5  6 |
---------------+-------------------+-----
Summonings     | 5 6 8 |  8.7
Spellcasting   | 3 4 5 |  5.0
Dodging        | |  2.1
Stealth        | |  1.7

Action                   |  1- 3 |  4- 6 |  7- 9 || total
-------------------------+-------+-------+-------++-------
Melee: Dagger            |    16 |       |       ||    16
       Great sword       |     6 |    19 |     5 ||    30
 Cast: Summon Small Mamm |   133 |    96 |    16 ||   245
       Call Canine Famil |     3 |    31 |     6 ||    40
       Call Imp          |       |    86 |       ||    86
 Abil: Hop               |       |     1 |       ||     1
  Use: Scroll            |     1 |     2 |     1 ||     4
 Stab: Distracted        |       |     1 |       ||     1
Armor: Robe              |    12 |     8 |     4 ||    24
Dodge: Dodged            |   113 |    86 |    10 ||   209
Block: Other             |       |       |     2 ||     2
       Rpst.: Great sword |    11 |    18 |     2 ||    31

Table legend: (Time is in decaauts)
 A = Elapsed time spent in this place.
 B = Non-inter-level travel time spent in this place.
 C = Inter-level travel time spent in this place.
 D = Time resting spent in this place.
 E = Time spent auto-exploring this place.
 F = Levels seen in this place.
 G = Mean time per level.
                   A        B        C        D        E       F      G
               +--------+--------+--------+--------+--------+-----+--------+
         Total |  11457 |  10908 |    549 |   4755 |   3982 |   7 | 1636.7 |
       Dungeon |  11350 |  10811 |    539 |   4755 |   3901 |   6 | 1891.7 |
        Temple |    107 |     97 |     10 |      0 |     81 |   1 |  107.0 |
               +--------+--------+--------+--------+--------+-----+--------+

Top non-repeatable levels by time:
     D:3: 3551 daAuts
     D:1: 2562 daAuts
     D:4: 1829 daAuts
     D:2: 1682 daAuts
     D:5: 1479 daAuts
     D:6: 245 daAuts
  Temple: 107 daAuts
